Map: Overgrowth LE (Void)

Players

roberto - Winner!

  • Race: Zerg Zerg
  • League: Diamond
  • Spawn Location: 7:00

Musumeci

  • Race: Zerg Zerg
  • League: Diamond
  • Spawn Location: 1:00

VOD

Have the link to the VOD?

Description

Time

  • Played on: Dec. 28, 2016, 8:26 a.m.
  • Length: 3:49
Show
View Real Time Build Order
Export as new Build Order

roberto Zerg - Winner!

Build Orders: Pool First 

Get SALT Encoding   

  12  0:01  Drone  
  13  0:10  Drone  
  14  0:19  Extractor  
  13  0:28  Spawning Pool  
  12  0:32  Drone  
  13  0:40  Overlord  
  13  0:44  Drone  
  14  1:04  Drone  
  15  1:15  Zergling x2  
  15  1:16  Zergling x4  
  18  1:22  Metabolic Boost  
  18  1:27  Zergling x2  
  19  1:33  Queen  
  19  1:38  Zergling x2  
  22  1:48  Baneling Nest  
  22  1:50  Zergling x2  
  22  2:02  Overlord  
  21  2:25  Zergling x2  
  22  2:31  Zergling x2  
  22  2:32  Zergling x2  
  22  2:33  Baneling x2  
  24  2:42  Zergling x2  
  24  2:43  Zergling x4  
  27  2:46  Zergling x2  
  24  3:15  Zergling x2  
  24  3:25  Baneling x3  
  24  3:26  Baneling x2, Zergling x2  
  22  3:27  Zergling x6  
  25  3:40  Hatchery  
Show
View Real Time Build Order
Export as new Build Order

Musumeci Zerg 

Build Orders: Hatch First 

Get SALT Encoding   

  12  0:01  Drone  
  13  0:08  Drone  
  14  0:18  Drone, Extractor  
  15  0:47  Hatchery  
  14  0:54  Extractor  
  14  0:55  Drone  
  15  1:04  Spawning Pool  
  14  1:26  Overlord  
  14  1:32  Drone, Extractor  
  13  1:35  Overlord  
  14  1:51  Zergling x2  
  14  1:54  Queen  
  15  1:59  Zergling x2  
  18  2:04  Zergling x2  
  19  2:13  Zergling x4  
  20  2:25  Queen  
  21  2:55  Zergling x6  
  15  3:24  Drone  
Tags
 
Add a new tag
Caveats
  • Supply blocks, unpowered buildings, or Contaminate may cause inaccurate times.
  • Supply counts are checked every 10 seconds.